 Dungeon Crawl Stone Soup version 0.25.0-10-g039870ee82 (webtiles) character file.

Game seed: 15982061363440539539

22675 protoss039 the Earth Mage (level 12, -25/61 HPs)
             Began as a Deep Elf Earth Elementalist on June 22, 2020.
             Was a High Priest of Vehumet.
             Killed from afar by Frances (36 damage)
             ... with a shard of ice
             ... on level 12 of the Dungeon.
             The game lasted 01:34:05 (16877 turns).

protoss039 the Earth Mage (DEEE)                   Turns: 16877, Time: 01:34:08

Health: -25/61     AC: 11    Str:  5    XL:     12   Next: 65%
Magic:  2/33       EV: 11    Int: 26    God:    Vehumet [*****.]
Gold:   907        SH:  0    Dex: 15    Spells: 22/42 levels left

rFire    + . .     SeeInvis .   D - +6 mace "Suupuh Moyr" {vorpal, rF+ rN+}
rCold    + + .     Gourm    .   (no shield)
rNeg     + + .     Faith    .   O - +0 acid dragon scales
rPois    .         Spirit   .   (no helmet)
rElec    .         Reflect  .   f - +1 cloak {rC+}
rCorr    +         Harm     .   i - +1 pair of gloves
MR       ++++.     Clarity  +   o - +0 pair of boots
Stlth    ++........             B - amulet of the Four Winds {rN+ MR+++ Clar}
HPRegen  0.20/turn              q - ring of protection from cold
MPRegen  0.23/turn              p - ring of wizardry

@: no status effects
A: no striking features
a: Renounce Religion


You were on level 12 of the Dungeon.
You worshipped Vehumet.
Vehumet was extremely pleased with you.
You were not hungry.

You visited 2 branches of the dungeon, and saw 13 of its levels.
You also visited: Sewer and Ice Cave.

You collected 907 gold pieces.

Inventory:

Hand Weapons
 c - a +1 dagger of flaming
 D - the +6 mace "Suupuh Moyr" (weapon) {vorpal, rF+ rN+}
   (You found it on level 6 of the Dungeon)

   It inflicts extra damage upon your enemies.
   It protects you from fire.
   It protects you from negative energy.
 J - a +4 quarterstaff of chaos
 N - a +2 dagger of venom
Missiles
 M - 19 stones (quivered)
Armour
 f - a +1 cloak of cold resistance (worn)
 i - a +1 pair of gloves (worn)
 o - a +0 pair of boots (worn)
 y - a scarf of invisibility
 A - a +0 cloak
 E - a +2 robe of magic resistance
 G - the +2 leather armour of the Wary Portals {rElec Str+4 Int+2}
   (You took it off a gnoll on level 9 of the Dungeon)

   It affects your strength (+4).
   It affects your intelligence (+2).
   It insulates you from electricity.
 O - +0 acid dragon scales (worn)
Jewellery
 l - an uncursed ring of protection from fire
 p - a ring of wizardry (right hand)
 q - a ring of protection from cold (left hand)
 B - the amulet of the Four Winds (around neck) {rN+ MR+++ Clar}
   (You found it on level 5 of the Dungeon)

   [amulet of nothing]

   It protects you from negative energy.
   It affects your resistance to hostile enchantments.
   It protects you against confusion.
 I - an uncursed ring of fire {unknown}
Wands
 z - a wand of polymorph (9)
 K - a wand of flame (33)
Scrolls
 a - a scroll of fog
 e - 3 scrolls of enchant weapon
 g - 3 scrolls of enchant armour
 h - 6 scrolls of amnesia
 j - 3 scrolls of magic mapping
 m - 2 scrolls of identify
 n - 5 scrolls of teleportation
 r - 2 scrolls of remove curse
 w - 3 scrolls of blinking
 Q - a scroll of immolation {unknown}
Potions
 k - 4 potions of mutation
 s - a potion of stabbing
 t - 2 potions of curing
 u - a potion of brilliance
 v - 2 potions of resistance {unknown}
 x - 6 potions of flight
 C - a potion of heal wounds
 F - a potion of lignification {unknown}
 H - 6 potions of might
 L - a potion of haste {unknown}
 P - a potion of magic {unknown}
 R - 2 potions of berserk rage
Comestibles
 b - 6 chunks of flesh
 d - 26 rations


   Skills:
 + Level 1.3 Fighting
 - Level 2.4 Dodging
 - Level 2.4 Stealth
 + Level 15.7 Spellcasting
 + Level 4.2 Conjurations
 + Level 1.1 Transmutations
 * Level 17.3 Earth Magic


You had 22 spell levels left.
You knew the following spells:

 Your Spells              Type           Power        Failure   Level  Hunger
a - Sandblast             Erth           ######       0%          1    None
b - Passwall              Tmut/Erth      ######..     1%          2    None
c - Stone Arrow           Conj/Erth      ######       1%          3    None
d - Petrify               Tmut/Erth      ######..     1%          4    None
e - Lee's Rapid Deconstr  Erth           #######...   1%          5    None
f - Lightning Bolt        Conj/Air       ####......   8%          5    None

Your spell library contained the following spells:

 Spells                   Type           Power        Failure   Level  Hunger
 Yara's Violent Unravell  Hex/Tmut       ###.......   13%         5    None
 Beastly Appendage        Tmut           ####..       1%          1    None
 Foxfire                  Conj/Fire      ####         1%          1    None
 Conjure Flame            Conj/Fire      ####....     1%          3    None
 Apportation              Tloc           ###...       2%          1    None
 Summon Butterflies       Summ           ###.....     2%          1    None
 Sticks to Snakes         Tmut           ####....     2%          2    None
 Inner Flame              Hex/Fire       ###.....     2%          3    None
 Sticky Flame             Conj/Fire      ####....     3%          4    None
 Spider Form              Tmut/Pois      ###.......   5%          3    None
 Lesser Beckoning         Tloc           ###.......   7%          3    None
 Tukima's Dance           Hex            ###.....     7%          3    None
 Fireball                 Conj/Fire      ####......   8%          5    None
 Ice Form                 Ice/Tmut       ###.....     17%         4    None
 Blade Hands              Tmut           ####......   34%         5    None
 Alistair's Intoxication  Tmut/Pois      ###.....     43%         5    None
 Invisibility             Hex            ###.....     96%         6    ####...


Dungeon Overview and Level Annotations

Branches:
Dungeon (12/15)            Temple (1/1) D:6            Lair (0/6) D:9
    Orc (0/2) D:11          Sewer (visited)           IceCv (visited)

Altars:
Ashenzari
Cheibriados
Dithmenos
Elyvilon
Fedhas
Gozag
Hepliaklqana
Kikubaaqudgha
Makhleb
Nemelex Xobeh
Okawaru
Qazlal
Ru
Sif Muna
Trog
Uskayaw
Vehumet
Wu Jian
Xom
Yredelemnul
Zin
The Shining One

Shops:
D:8 (

Annotations:
D:10 2 exclusions
D:12 Frances


Message History

Frances chants phrases taken from a devil's mouth.
The shard of ice hits you! You partially resist.
The hellwing swoops through the air toward you!
The hellwing hits you. x2
Unknown command.
Unknown command.
Unknown command.
Casting: Lee's Rapid Deconstruction (safe; 1% risk of failure)
Confirm with . or Enter, or press ? or * to list all spells.
Aiming: Passwall (safe; 1% risk of failure)
Press: ? - help, Dir - move target cursor A rock wall.
Frances hits you from afar with a +2 vampiric glaive!!
Ouch! That really hurt!
* * * LOW HITPOINT WARNING * * *
You begin to meditate on the wall.
You continue meditating on the rock.
Frances mutters in a terrible tongue.
The shard of ice hits you!!! You partially resist.
Ouch! That really hurt!
You die...

#.##.#.#......))[.....#
*,
#.##.##.###.##.######.#*
**, #.##.##.# #.##.#
**,***,*
##.##.##.###.##.# **,,,,,
##.......<.......# *,,*,,
####...##....###)####
*,,*,, ...÷.#.###..## #.#
*,,,,, ####..[# #..# #.#
**,*,, ###.###..####@#
***,*,, #.........4@..#
*,,,,,, #.#####...#####
*,*,**, #.#
##...#########*** *,*,**,
#.#
#...[)..@)†...,,***,*,**,
####.#
##.....####..,,,,,,,*,**,
.....#
#...##.#**,***,,,,,,,**,
....## #.#.#*#.#*,*
**********, ###.#
#....**.#*,* *,


You could see Frances (fast) and a hellwing (summoned).

Vanquished Creatures
  A frost giant (IceCv)
  A hydra (D:11)
  3 two-headed ogres
  3 unseen horrors
  An elephant (D:9)
  A gargoyle (D:12)
  An ice statue (IceCv)
  14 polar bears (IceCv)
  A hornet (D:9)
  Grinder (D:3)
  A hippogriff (D:11)
  2 wyverns
  18 yaks
  A basilisk (D:9)
  4 hungry ghosts
  2 steam dragons
  2 acid dragons
  Edmund (D:6)
  A soldier ant (D:9)
  2 water moccasins (D:10)
  4 orc warriors
  A sky beast (D:7)
  3 black bears
  4 ice beasts
  3 phantoms
  A necrophage (D:8)
  7 ogres
  11 wolves (IceCv)
  2 crocodiles
  4 centaurs
  Blork the orc (D:6)
  3 big kobolds
  A gnoll sergeant (D:9)
  6 bullfrogs
  2 wyvern zombies (D:8)
  2 scorpions
  17 killer bees
  A troll zombie (D:11)
  7 wights
  3 howler monkeys
  A centaur zombie (D:10)
  13 crimson imps
  10 hounds
  2 jellies
  10 orc priests
  Crazy Yiuf (D:6)
  2 bullfrog skeletons
  11 orc wizards
  2 centaur skeletons
  A gnoll shaman (D:4)
  Jessica (D:2)
  12 worker ants
  An iguana (D:10)
  7 ogre zombies (D:11)
  2 hound zombies
  2 hound skeletons
  A howler monkey zombie (D:9)
  11 adders
  16 gnolls
  A shadow imp (D:5)
  13 white imps
  3 oozes
  4 adder skeletons
  2 worms
  3 dart slugs
  9 leopard geckos
  57 orcs
  A ball python (D:1)
  8 giant cockroaches
  7 goblins
  3 hobgoblins (D:1)
  12 jackals
  24 kobolds
  4 quokkas
  10 bats
  5 frilled lizards
  A giant cockroach zombie (D:6)
  A goblin skeleton (D:11)
  4 goblin zombies (D:11)
  A hobgoblin skeleton (D:11)
  2 hobgoblin zombies (D:11)
  An orc skeleton (D:11)
  16 orc zombies (D:11)
  7 rats
449 creatures vanquished.

Vanquished Creatures (others)
  2 fungi (D:9)
  4 plants (D:9)
  4 toadstools (D:1)
10 creatures vanquished.

Grand Total: 459 creatures vanquished

Notes
Turn   | Place    | Note
-------+----------+-------------------------------------------
     0 | D:1      | protoss039 the Deep Elf Earth Elementalist began the quest
                  | for the Orb.
     0 | D:1      | Reached XP level 1. HP: 10/10 MP: 6/6
   167 | D:1      | Reached XP level 2. HP: 15/15 MP: 5/8
   270 | D:1      | Reached skill level 4 in Earth Magic
   534 | D:1      | Reached XP level 3. HP: 19/19 MP: 5/9
   541 | D:1      | Learned a level 2 spell: Passwall
   564 | D:1      | Learned a level 3 spell: Stone Arrow
  1144 | D:2      | Reached skill level 5 in Earth Magic
  1204 | D:2      | Reached XP level 4. HP: 24/24 MP: 7/11
  1317 | D:2      | Noticed Jessica
  1322 | D:2      | Killed Jessica
  1324 | D:2      | Found a basalt altar of Yredelemnul.
  1451 | D:2      | Reached XP level 5. HP: 11/28 MP: 10/13
  2898 | D:3      | Reached skill level 5 in Spellcasting
  2936 | D:3      | Noticed Grinder
  2954 | D:3      | Killed Grinder
  2954 | D:3      | Reached skill level 6 in Earth Magic
  2954 | D:3      | Reached XP level 6. HP: 9/32 MP: 10/16
  3472 | D:4      | Reached skill level 7 in Earth Magic
  3932 | D:4      | Reached XP level 7. HP: 37/37 MP: 12/18
  4621 | D:5      | Entered Level 5 of the Dungeon
  4814 | D:5      | Reached skill level 1 in Conjurations
  4974 | D:5      | Learned a level 4 spell: Petrify
  4980 | D:5      | Learned a level 5 spell: Lee's Rapid Deconstruction
  4992 | D:5      | Reached skill level 8 in Earth Magic
  5269 | D:5      | Found the amulet of the Four Winds {rN+ MR+++ Clar}
  5688 | D:5      | Reached skill level 1 in Fighting
  5862 | D:5      | Reached XP level 8. HP: 43/43 MP: 16/21
  6166 | D:5      | Reached skill level 9 in Earth Magic
  6326 | D:5      | Found an opulent altar of Gozag.
  6327 | D:5      | Found a glowing silver altar of Zin.
  6486 | D:6      | Found a staircase to the Ecumenical Temple.
  6501 | Temple   | Entered the Ecumenical Temple
  6519 | Temple   | Became a worshipper of Vehumet
  6856 | D:6      | Noticed Edmund
  6864 | D:6      | Killed Edmund
  6898 | D:6      | Noticed Blork the orc
  6903 | D:6      | Killed Blork the orc
  6971 | D:6      | Found a glowing drain.
  6976 | Sewer    | Entered a sewer
  7029 | Sewer    | Reached skill level 10 in Earth Magic
  7525 | D:6      | Found a shattered altar of Ashenzari.
  7526 | D:6      | Found a snail-covered altar of Cheibriados.
  7631 | D:6      | Found a runed translucent door.
  7632 | D:6      | Noticed Crazy Yiuf
  7744 | D:6      | Got a translucent mace
  7745 | D:6      | Identified the +6 mace "Suupuh Moyr" {vorpal, rF+ rN+} (You
                  | found it on level 6 of the Dungeon)
  7758 | D:6      | Killed Crazy Yiuf
  7959 | D:7      | Reached XP level 9. HP: 47/47 MP: 21/24
  8157 | D:7      | Reached skill level 10 in Spellcasting
  8293 | D:7      | Reached skill level 11 in Earth Magic
  8328 | D:7      | Reached * piety under Vehumet
  8328 | D:7      | Offered knowledge of Magic Dart by Vehumet.
  9328 | D:8      | Reached ** piety under Vehumet
  9328 | D:8      | Offered knowledge of Searing Ray by Vehumet.
  9496 | D:8      | Found Qux Uhof's Weapon Boutique.
  9625 | D:8      | Reached skill level 12 in Earth Magic
  9936 | D:8      | Noticed a two-headed ogre
  9939 | D:8      | Killed a two-headed ogre
  9939 | D:8      | Reached XP level 10. HP: 52/52 MP: 12/27
  9940 | D:8      | Noticed a two-headed ogre
  9943 | D:8      | Killed a two-headed ogre
 10347 | D:8      | Reached skill level 13 in Earth Magic
 10866 | D:9      | Got a shimmering plate armour
 10885 | D:9      | Identified the +2 plate armour of Fakkimi {Dex+4} (You
                  | found it on level 9 of the Dungeon)
 11048 | D:9      | Noticed an elephant
 11049 | D:9      | Found a staircase to the Lair.
 11069 | D:9      | Killed an elephant
 11222 | D:9      | Offered knowledge of Ignite Poison by Vehumet.
 11248 | D:9      | Reached skill level 14 in Earth Magic
 11306 | D:9      | Reached *** piety under Vehumet
 11367 | D:9      | Identified the +2 leather armour of the Wary Portals {rElec
                  | Str+4 Int+2}
 11490 | D:9      | Found a bloodstained altar of Trog.
 11490 | D:9      | Found an iron altar of Okawaru.
 11498 | D:9      | Found a sparkling altar of Nemelex Xobeh.
 11498 | D:9      | Found a hazy altar of Hepliaklqana.
 11499 | D:9      | Found a sacrificial altar of Ru.
 11500 | D:9      | Found a stormy altar of Qazlal.
 11501 | D:9      | Found a blossoming altar of Fedhas.
 11504 | D:9      | Found a burning altar of Makhleb.
 11578 | D:9      | Reached XP level 11. HP: 56/56 MP: 21/29
 11580 | D:9      | Paralysed by a hornet for 1 turns
 12030 | D:9      | Upgraded the game from 0.25.0-9-g26727b657a to
                  | 0.25.0-10-g039870ee82
 12236 | D:10     | Entered Level 10 of the Dungeon
 12258 | D:10     | Killed an unseen horror
 12388 | D:10     | Killed an unseen horror
 12575 | D:10     | Offered knowledge of Inner Flame by Vehumet.
 12857 | D:10     | Reached skill level 15 in Earth Magic
 13075 | D:10     | Reached **** piety under Vehumet
 13131 | D:10     | Offered knowledge of Lightning Bolt by Vehumet.
 13141 | D:10     | Learned a level 5 spell: Lightning Bolt
 13606 | D:11     | Noticed a two-headed ogre
 13609 | D:11     | Killed a two-headed ogre
 14291 | D:11     | Found a staircase to the Orcish Mines.
 14531 | D:11     | Noticed a five-headed hydra
 14544 | D:11     | Killed a five-headed hydra
 14668 | D:11     | Reached ***** piety under Vehumet
 14668 | D:11     | Reached skill level 16 in Earth Magic
 14669 | D:11     | Offered knowledge of Yara's Violent Unravelling by Vehumet.
 15033 | D:12     | Killed an unseen horror
 15108 | D:12     | Found a frozen archway.
 15123 | D:12     | Reached XP level 12. HP: 60/60 MP: 23/32
 15133 | IceCv    | Entered an ice cave
 15397 | IceCv    | Reached skill level 15 in Spellcasting
 16182 | IceCv    | Noticed a frost giant
 16192 | IceCv    | Killed a frost giant
 16192 | IceCv    | Reached skill level 17 in Earth Magic
 16866 | D:12     | Noticed Frances
 16877 | D:12     | Killed from afar by Frances

Illustrated notes

Levels and vault maps discovered:
D:1:      shiori_shiawase, layout_loops_ring, hangedman_decor_growths,
          minmay_gold_behind_fungi
D:2:      layout_basic, lemuel_crystal_altar, corexii_shack, uniq_jessica
D:3:      layout_basic, first_ration, grunt_ministairs_2, uniq_grinder
D:4:      layout_basic
D:5:      layout_basic, grunt_temple_overflow_gold_and_silver
D:6:      layout_cave_pools, gammafunk_temple_overflow_pools,
          minmay_temple_entry_large_hall, portal_sewer_entry_e,
          uniq_blork_the_orc, uniq_edmund, uniq_crazy_yiuf_cottage
D:7:      layout_loops_ring
D:8:      layout_loops_corners, serial_shops, shop
D:9:      layout_roguey, minitemple, david_lair_generic,
          hangedman_pestilent_swarm, chequers_serial_rivers_large_a
D:10:     layout_roguey
D:11:     layout_rooms, zombieorc2_lemuel, minmay_misc_feat_hallway,
          minmay_nine_imps
D:12:     layout_loops_ring, portal_ice_cave_entry_imps, uniq_frances
Temple:   compressed_dpeg_triangle_lava_temple

Skill      XL: |  1  2  3  4  5  6  7  8  9 10 11 12 |
---------------+-------------------------------------+-----
Earth Magic    | 4 5 6 7 8 10 12 14 16 17 | 17.3
Spellcasting   | 4 5 6 7 9 11 12 14 15 | 15.7
Conjurations   | 1 2 3 4 |  4.2
Fighting       | 1 |  1.3
Dodging        | |  2.4
Stealth        | |  2.4
Transmutations | |  1.1

Action                   |  1- 3 |  4- 6 |  7- 9 | 10-12 || total
-------------------------+-------+-------+-------+-------++-------
Melee: Dagger            |     7 |    52 |    31 |       ||    90
       Mace              |       |       |    20 |    17 ||    37
 Cast: Sandblast         |    38 |    44 |   100 |   160 ||   342
       Stone Arrow       |       |     7 |    47 |   163 ||   217
       Passwall          |       |     3 |     1 |     3 ||     7
       Lee's Rapid Decon |       |       |    33 |    84 ||   117
       Petrify           |       |       |       |     1 ||     1
  Use: Potion            |       |     1 |       |     3 ||     4
       Scroll            |       |       |    14 |    10 ||    24
 Stab: Sleeping          |     2 |     4 |       |       ||     6
  Eat: Chunk             |     1 |     8 |    21 |    18 ||    48
       Ration            |       |       |     1 |     2 ||     3
Armor: Robe              |     3 |    14 |    30 |     1 ||    48
       Leather armour    |       |       |       |    18 ||    18
       Acid dragon scale |       |       |       |    50 ||    50
Dodge: Dodged            |     8 |    54 |    80 |    76 ||   218
